 Dungeon Crawl Stone Soup version 0.28.0 (webtiles) character file.

Game seed: 14073570128108529645

95 snetch the Magician (level 4, -1/31 HPs)
             Began as a Djinni Fire Elementalist on Feb 18, 2022.
             Was a Priest of Lugonu.
             Slain by a kobold brigand (6 damage)
             ... in a sewer.
             The game lasted 00:09:19 (2146 turns).

snetch the Magician (Djinni Fire Elementalist)      Turns: 2146, Time: 00:09:19

Health: -1/31      AC:  3    Str:  7    XL:     4   Next: 95%
Gold:   53         EV: 12    Int: 18    God:    Lugonu [***...] SH:  0 Dex: 14

rFire   + + .      SeeInvis .   a - +4 dagger
rCold   x . .      Faith    .   (no shield)
rNeg    . . .      Spirit   .   n - +0 robe
rPois   ∞          Reflect  .   m - +0 helmet
rElec   .          Harm     .   (no cloak)
rCorr   .          Rampage  .   (no gloves)
Will    .....                   (boots unavailable)
Stlth   ++........              (no amulet)
HPRegen 0.10/turn               (no ring)
MPRegen 0.00/turn               (no ring)

@: flying, very slightly contaminated
A: sickness immunity, fire resistance 2, cold vulnerability 1, float, innate
caster, HP casting, extra vitality 1
a: Renounce Religion, Depart the Abyss, Bend Space, Banish


You were in a sewer.
You worshipped Lugonu.
Lugonu was most pleased with you.
You visited 1 branch of the dungeon, and saw 3 of its levels.
You also visited: Sewer.

You collected 53 gold pieces.

Inventory:

Hand Weapons
 a - a +4 dagger (weapon)
Missiles
 b - 25 sling bullets
 f - 10 poisoned darts
 g - a throwing net
 k - 71 stones
Armour
 c - a +0 tower shield
 h - a +0 ring mail
 i - a +0 chain mail
 m - a +0 helmet (worn)
 n - a +0 robe (worn)
Scrolls
 d - a scroll of blinking {unknown}
 e - 2 scrolls of identify {unknown}
 j - 2 scrolls of fog {unknown}
 l - a scroll of teleportation {unknown}
 o - a scroll of immolation {unknown}
 q - a scroll of magic mapping {unknown}
Potions
 p - a potion of haste {unknown}


   Skills:
 + Level 2.5 Dodging
 + Level 1.8 Stealth
 + Level 3.9 Spellcasting


You couldn't memorise any spells.
You knew the following spells:

 Your Spells              Type           Power      Damage    Failure   Level
a - Foxfire               Conj/Fire      68%        2x1d7     3%          1
b - Scorch                Fire           34%        2d7       4%          2
c - Conjure Flame         Conj/Fire      17%        6-21      9%          3
d - Inner Flame           Hex/Fire       17%        N/A       9%          3
e - Flame Wave            Conj/Fire      17%        2d6       30%         4
f - Sting                 Tmut/Pois      68%        1d6       3%          1
Your spell library was empty.

Dungeon Overview and Level Annotations

Branches:
Dungeon (3/15)              Sewer (1/1)

Altars:
Lugonu


Innate Abilities, Weirdness & Mutations

You are immune to sickness and miasma.
You are immune to poison.
Your flesh is very heat resistant. (rF++)
You are vulnerable to cold. (rC-)
You float through the air rather than walking.
You learn spells naturally, not from books.
Your magical power is your life essence.
You have superior vitality. (+4 MHP)


Message History

Press: ? - help, Q - select action, (/) - cycle Dir - look around, f - activate You conjure some foxfire!
The foxfire hits the kobold.
You kill the kobold!
Lugonu accepts your kill.
The foxfire hits the kobold brigand.
The kobold brigand is lightly wounded.
Casting: Foxfire (safe; 3% risk of failure)
Press: ? - help, Q - select action, (/) - cycle Dir - look around, f - activate You conjure some foxfire!
The foxfire hits the kobold.
You kill the kobold!
Lugonu accepts your kill.
You hear a splash.
The foxfire hits the kobold brigand but does no damage.
The kobold brigand is lightly wounded.
The foxfire hits the kobold brigand.
The kobold brigand is moderately wounded.
Casting: Foxfire (safe; 3% risk of failure)
Press: ? - help, Q - select action, (/) - cycle Dir - look around, f - activate You conjure some foxfire!
The foxfire hits the kobold brigand but does no damage.
The kobold brigand is moderately wounded.
The kobold brigand hits you with a +0 dagger.
The kobold barely misses you.
You hit the kobold brigand but do no damage.
You punch the kobold brigand, but do no damage.
The kobold brigand is moderately wounded.
The foxfire hits the kobold but does no damage.
The foxfire hits the kobold brigand.
The kobold brigand is moderately wounded.
The kobold brigand hits you with a +0 dagger.
The kobold brigand closely misses you. The kobold misses you.
You hit the kobold brigand but do no damage.
The kobold brigand is moderately wounded.
The kobold brigand looks more healthy.
The kobold brigand hits you with a +0 dagger!
* * * LOW HITPOINT WARNING * * *
The kobold brigand hits you with a +0 short sword.
You die...

### #### ###.####..#
#####..........
###..............
#................ ####
##.....P..........
#!?..#K................
#...KK@≈≈P..P≈≈.......≈
#.∩!.K§≈....≈≈≈≈≈≈...≈P
#....#≈≈≈.P≈P≈≈P≈P..P≈≈
##############≈#######≈
≈≈≈ ≈≈≈ ≈≈ ≈≈≈ ≈≈


You could see 2 kobold brigands and 2 kobolds.

Vanquished Creatures
  Robin (D:3)
  2 adders (D:3)
  2 dart slugs (D:1)
  7 ball pythons
  3 endoplasms
  3 giant cockroaches (D:3)
  10 goblins
  4 hobgoblins (D:3)
  10 kobolds
  4 quokkas (D:3)
  6 bats
  2 frilled lizards (D:1)
  2 rats
56 creatures vanquished.

Vanquished Creatures (others)
  74 foxfires
  A plant (D:1)
75 creatures vanquished.

Grand Total: 131 creatures vanquished

Notes
Turn   | Place    | Note
-------+----------+-------------------------------------------
     0 | D:1      | snetch the Djinni Fire Elementalist began the quest for the
                  | Orb.
     0 | D:1      | Reached XP level 1. HP: 15/15 MP: 0/0
   116 | D:1      | Reached XP level 2. HP: 11/21 MP: 0/0
   525 | D:1      | Found a faded altar of an unknown god.
   539 | D:1      | Got Plato's Compendium of Bewitchment
   540 | D:1      | Prayed at the altar of an unknown god.
   540 | D:1      | Became a worshipper of Lugonu the Unformed
   540 | D:1      | Reached * piety under Lugonu
   540 | D:1      | Reached ** piety under Lugonu
   875 | D:1      | Reached skill level 3 in Spellcasting
  1018 | D:1      | Reached XP level 3. HP: 14/25 MP: 0/0
  1018 | D:1      | Learned a level 1 spell: Sting
  1264 | D:3      | Noticed Robin
  1276 | D:3      | Killed Robin
  1328 | D:3      | Reached XP level 4. HP: 6/31 MP: 0/0
  1487 | D:3      | Found a glowing drain.
  1492 | D:3      | Reached *** piety under Lugonu
  1519 | Sewer    | Entered a sewer
  2138 | Sewer    | Noticed a kobold brigand
  2138 | Sewer    | Noticed a kobold brigand
  2146 | Sewer    | Slain by a kobold brigand

Illustrated notes

Levels and vault maps discovered:
D:1:      nzn_arrival_water_spiral, layout_loops_cross,
          shapermc_ecumenical_altar_rom_forum
D:2:      layout_basic, minmay_tripent, uniq_terence
D:3:      layout_loops_ring, gup_sewer_entry_pipe, uniq_robin
Sewer:    kennysheep_pipe_town

Skill      XL: |  1  2 |
---------------+-------+-----
Spellcasting   | 3 |  3.9
Dodging        | |  2.5
Stealth        | |  1.8

Action                   |  1- 3 |  4- 6 || total
-------------------------+-------+-------++-------
Melee: Dagger            |     2 |    41 ||    43
       Unarmed           |     1 |       ||     1
       Punch             |       |     1 ||     1
 Cast: Foxfire           |    23 |    20 ||    43
       Scorch            |    19 |     3 ||    22
       Sting             |       |     1 ||     1
 Stab: Sleeping          |       |     2 ||     2
Armor: Robe              |     1 |     8 ||     9
Dodge: Dodged            |     3 |    30 ||    33
